 Dungeon Crawl Stone Soup version 0.26-a0-668-gd58323b419 (webtiles) character file.

Game seed: 800252380632053303

2013 mandarbmax the Insei (level 9, -1/53 HPs)
             Began as an Octopode Transmuter on Oct 19, 2020.
             Was a Believer of Sif Muna.
             Slain by a steam dragon (4 damage)
             ... on level 7 of the Dungeon.
             The game lasted 00:15:49 (7253 turns).

mandarbmax the Insei (Octopode Transmuter)          Turns: 7253, Time: 00:15:50

Health: -1/53      AC:  1    Str: 10    XL:     9   Next: 22%
Magic:  12/12      EV: 18    Int: 15    God:    Sif Muna [**....]
Gold:   335        SH:  0    Dex: 15    Spells: 3/12 levels left

rFire    . . .     SeeInvis .     - Unarmed
rCold    + . .     Faith    .   (no shield)
rNeg     . . .     Spirit   .   (helmet restricted)
rPois    .         Reflect  .   q - amulet of magic regeneration
rElec    .         Harm     .   e - ring of protection from cold
rCorr    .         Rampage  .   (no ring)
MR       .....                  (no ring)
Stlth    ++++......             (no ring)
HPRegen  0.17/turn              (no ring)
MPRegen  0.38/turn              (no ring)
                                (no ring)
                                (no ring)

@: hasted, very quick
A: almost no armour, stealthy swim, amphibious, 8 rings, constrict 8, camouflage
1, gelatinous body 1
a: Channel Magic, Renounce Religion


You were on level 7 of the Dungeon.
You worshipped Sif Muna.
Sif Muna was pleased with you.
You visited 1 branch of the dungeon, and saw 7 of its levels.

You collected 335 gold pieces.

Inventory:

Jewellery
 e - a ring of protection from cold (left tentacle)
 q - an amulet of magic regeneration (around mantle)
Wands
 b - a wand of iceblast (11)
 i - a wand of paralysis (9)
 l - a wand of acid (7)
Scrolls
 c - 2 scrolls of teleportation
 f - a scroll of fog
 g - 3 scrolls of magic mapping
 h - 3 scrolls of enchant weapon
 k - 2 scrolls of blinking
 m - 4 scrolls of remove curse
Potions
 a - 4 potions of mutation
 j - a potion of ambrosia
 n - a potion of lignification {unknown}
 o - a potion of flight
 p - a potion of stabbing
 s - 3 potions of brilliance {unknown}


   Skills:
 - Level 1.0 Fighting
 + Level 7.1 Dodging
 + Level 5.6 Stealth
 + Level 7.9 Unarmed Combat
 - Level 2.0 Spellcasting
 - Level 4.0 Transmutations
 - Level 2.0 Ice Magic
 - Level 2.0 Poison Magic


You had 3 spell levels left.
You knew the following spells:

 Your Spells              Type           Power        Failure   Level
a - Ice Form              Ice/Tmut       ##......     54%         4
b - Wereblood             Tmut           ##......     6%          2
c - Spider Form           Tmut/Pois      ##........   19%         3

Your spell library contained the following spells:

 Spells                   Type           Power        Failure   Level
 Beastly Appendage        Tmut           ##....       4%          1
 Blade Hands              Tmut           ##........   75%         5


Dungeon Overview and Level Annotations

Branches:
Dungeon (7/15)             Temple (0/1) D:6

Altars:
Fedhas
Kikubaaqudgha
Nemelex Xobeh
Qazlal
Ru
Sif Muna
Uskayaw
Vehumet
Xom
Zin

Annotations:
D:5 2 transporters


Innate Abilities, Weirdness & Mutations

You cannot wear most types of armour.
You are very stealthy in the water. (Stealth+)
You are amphibious.
You can wear up to eight rings at the same time.
You can use your tentacles to constrict eight enemies at once.
Your skin changes colour to match your surroundings (Stealth+).
Your rubbery body absorbs attacks. (AC +1, EV +1)


Message History

The orc warrior is lightly wounded.
You hit the orc warrior but do no damage.
The orc warrior looks as sick as possible!
The orc warrior is moderately wounded.
You feel sick. The orc warrior completely misses you.
The steam dragon breathes steam at you. The ball of steam hits you!
* * * LOW HITPOINT WARNING * * *
The orc warrior completely misses you.
You feel better.
Your transformation has ended.
The orc warrior closely misses you. The steam dragon breathes steam at you.
The ball of steam misses you.
You hear some strange, mumbled words.
You feel yourself speed up.
You are engulfed in a cloud of scalding steam.
* * * LOW HITPOINT WARNING * * *
The orc warrior completely misses you. The steam dragon bites you.
You die...

##.## #########
#####.# ......##
####...# ######...##
..## ##.....
#..#####.....
##....)#####..####
#####>..## #...@##
### ###..######Do#...
##..######{#.#
##.##...o...#
###....###.###
............#†######.
.##########..........
#######...#####
............##


You could see a steam dragon (catching breath) and an orc warrior (extremely
poisoned).

Vanquished Creatures
  Pikel (D:7)
  Grinder (D:3)
  2 ice beasts
  A phantom (D:6)
  2 ogres
  A centaur (D:6)
  3 lemures (D:7)
  Blork the orc (D:5)
  A bullfrog (D:7)
  A water moccasin skeleton (D:4)
  3 killer bees (D:7)
  A howler monkey (D:4)
  A bullfrog zombie (D:5)
  2 jellies (D:6)
  An orc priest (D:6)
  4 orc wizards
  A bullfrog skeleton (D:4)
  2 iguanas (D:4)
  A statue (D:4)
  2 worker ants
  A gnoll (D:1)
  3 adders
  2 white imps
  An ooze (D:3)
  4 worms
  4 dart slugs
  4 leopard geckos
  9 orcs
  A ball python (D:3)
  4 giant cockroaches
  6 goblins
  A hobgoblin (D:3)
  8 jackals
  7 kobolds
  4 quokkas
  4 bats
  2 frilled lizards
  A jackal skeleton (D:4)
  A leopard gecko zombie (D:5)
  6 rats
105 creatures vanquished.

Vanquished Creatures (others)
  A fungus (D:6)
1 creature vanquished.

Grand Total: 106 creatures vanquished

Notes
Turn   | Place    | Note
-------+----------+-------------------------------------------
     0 | D:1      | mandarbmax the Octopode Transmuter began the quest for the
                  | Orb.
     0 | D:1      | Reached XP level 1. HP: 13/13 MP: 3/3
     0 | D:1      | Found a radiant altar of Vehumet.
   356 | D:1      | Reached XP level 2. HP: 9/18 MP: 3/5
   744 | D:1      | Learned a level 2 spell: Wereblood
   765 | D:1      | Reached XP level 3. HP: 22/23 MP: 6/6
   946 | D:1      | Learned a level 3 spell: Spider Form
  1483 | D:2      | Reached skill level 1 in Poison Magic
  1868 | D:2      | Found a glowing silver altar of Zin.
  1870 | D:2      | Found a hide-covered altar of Uskayaw.
  2076 | D:3      | Reached XP level 4. HP: 28/28 MP: 5/7
  2079 | D:3      | Found a faded altar of an unknown god.
  2102 | D:3      | Became a worshipper of Sif Muna the Loreminder
  2102 | D:3      | Reached * piety under Sif Muna
  2434 | D:3      | Noticed Grinder
  2438 | D:3      | Paralysed by Grinder for 2 turns
  2449 | D:3      | Killed Grinder
  2449 | D:3      | Reached XP level 5. HP: 18/33 MP: 5/8
  2449 | D:3      | Reached XP level 6. HP: 20/38 MP: 5/9
  2698 | D:3      | Found an ancient bone altar of Kikubaaqudgha.
  3531 | D:3      | Found a shimmering blue altar of Sif Muna.
  3650 | D:4      | Reached skill level 5 in Unarmed Combat
  3703 | D:4      | Found a shimmering altar of Xom.
  4205 | D:4      | Reached XP level 7. HP: 42/43 MP: 7/10
  4214 | D:4      | Reached ** piety under Sif Muna
  4466 | D:4      | Found a radiant altar of Vehumet.
  4534 | D:4      | Found a sacrificial altar of Ru.
  4707 | D:5      | Entered Level 5 of the Dungeon
  4783 | D:5      | Noticed Blork the orc
  4805 | D:5      | Killed Blork the orc
  4866 | D:5      | Found a shimmering altar of Xom.
  4902 | D:5      | Reached skill level 5 in Dodging
  5089 | D:5      | Found a sparkling altar of Nemelex Xobeh.
  5091 | D:5      | Noticed a vampire mosquito
  5093 | D:5      | Found a transporter.
  5106 | D:5      | Found a transporter.
  5403 | D:5      | Reached XP level 8. HP: 14/48 MP: 9/11
  5619 | D:5      | Learned a level 4 spell: Ice Form
  5930 | D:6      | Reached skill level 1 in Ice Magic
  6092 | D:6      | Found a staircase to the Ecumenical Temple.
  6118 | D:6      | Found a stormy altar of Qazlal.
  6123 | D:6      | Found a blossoming altar of Fedhas.
  6271 | D:6      | Reached skill level 1 in Stealth
  7101 | D:7      | Noticed Pikel
  7123 | D:7      | Killed Pikel
  7123 | D:7      | Reached skill level 5 in Stealth
  7123 | D:7      | Reached XP level 9. HP: 42/53 MP: 12/12
  7253 | D:7      | Slain by a steam dragon

Illustrated notes

Levels and vault maps discovered:
D:1:      sevenhm_arrival_forest_fort_small_6, layout_rooms,
          minmay_misc_feat_chi, dk_noncrumbling_3
D:2:      layout_loops_ring, gammafunk_temple_overflow_pools
D:3:      layout_basic, lemuel_blue_sif_altar, lemuel_crystal_altar,
          chequers_ecumenical_altar_simple_redux, uniq_grinder
D:4:      layout_rooms, xom_teletrap_fun, vehumet_statue, kennysheep_mini_moat,
          kennysheep_potato
D:5:      lemuel_upstairs_altar, layout_basic, gammafunk_temple_overflow_arena,
          basic_altar, st_stairs_3, uniq_blork_the_orc
D:6:      layout_basic, grunt_temple_overflow_forces_of_nature,
          minmay_temple_entry_fiery
D:7:      layout_rooms, uniq_pikel

Skill      XL: |  1  2  3  4  5  6  7  8 |
---------------+-------------------------+-----
Unarmed Combat | 4 5 6 7 |  7.9
Poison Magic   | 1 2 |  2.0
Transmutations | 4 |  4.0
Dodging        | 3 4 5 7 |  7.1
Ice Magic      | 2 |  2.0
Stealth        | 5 |  5.6
Fighting       | |  1.0
Spellcasting   | |  2.0

Action                   |  1- 3 |  4- 6 |  7- 9 || total
-------------------------+-------+-------+-------++-------
Melee: Unarmed           |    74 |   106 |   146 ||   326
       Constrict         |    24 |     2 |     1 ||    27
       Kick              |    19 |     1 |       ||    20
       Tentacles         |    11 |     1 |     2 ||    14
       Punch             |     2 |       |       ||     2
 Cast: Beastly Appendage |    23 |       |       ||    23
       Wereblood         |     1 |     3 |     6 ||    10
       Spider Form       |       |    21 |    22 ||    43
Evoke: Wand              |       |       |     6 ||     6
  Use: Scroll            |       |       |    17 ||    17
       Potion            |       |       |     2 ||     2
 Stab: Sleeping          |     6 |       |     1 ||     7
       Paralysed         |       |       |     2 ||     2
Armor: Skin              |     8 |     8 |     5 ||    21
Dodge: Dodged            |    45 |    70 |   117 ||   232

Table legend: (Time is in decaauts)
 A = Elapsed time spent in this place.
 B = Non-inter-level travel time spent in this place.
 C = Inter-level travel time spent in this place.
 D = Time resting spent in this place.
 E = Time spent auto-exploring this place.
 F = Levels seen in this place.
 G = Mean time per level.
                   A        B        C        D        E       F      G
               +--------+--------+--------+--------+--------+-----+--------+
         Total |   7221 |   7046 |    175 |   1631 |   4541 |   7 | 1031.6 |
       Dungeon |   7221 |   7046 |    175 |   1631 |   4541 |   7 | 1031.6 |
               +--------+--------+--------+--------+--------+-----+--------+

Top non-repeatable levels by time:
     D:3: 1530 daAuts
     D:6: 1156 daAuts
     D:1: 1125 daAuts
     D:4: 1109 daAuts
     D:5: 1092 daAuts
     D:2: 940 daAuts
     D:7: 266 daAuts
